 Dungeon Crawl Stone Soup version 0.31-a0-75-g6fe912e8c5 (webtiles) character file.

Game seed: 14467418357301738898

16198 pokeman the Eclecticist (level 12, -3/68 HPs)
             Began as a Deep Elf Hedge Wizard on May 23, 2023.
             Was an Elder of Vehumet.
             Shot with an arrow by a centaur warrior (8 damage)
             ... on level 12 of the Dungeon.
             The game lasted 00:42:42 (13645 turns).

pokeman the Eclecticist (Deep Elf Hedge Wizard)    Turns: 13645, Time: 00:42:42

Health: -3/68      AC:  7    Str:  7    XL:     12   Next: 7%
Magic:  28/34      EV: 18    Int: 30    God:    Vehumet [****..]
Gold:   231        SH:  0    Dex: 14    Spells: 18/44 levels left

rFire   . . .        n - +11 war axe of Exquisite Death {flame, +Blink rC++ Int+5}
rCold   + + .        (no shield)
rNeg    . . .        A - +0 steam dragon scales
rPois   +            c - +0 hat
rElec   .            (no cloak)
rCorr   .            y - +0 pair of gloves
SInv    .            (no boots)
Will    +....        (no amulet)
Stlth   ++           i - ring of poison resistance
HPRegen 0.31/turn    b - +5 ring of evasion
MPRegen 0.24/turn

%: no passive effects
@: no status effects
A: no striking features
a: Renounce Religion, Evoke Blink


You were on level 12 of the Dungeon.
You worshipped Vehumet.
Vehumet was greatly pleased with you.
You visited 1 branch of the dungeon, and saw 12 of its levels.

You collected 563 gold pieces.
You spent 332 gold pieces at shops.

Inventory:

Hand Weapons
 k - a +4 hand axe of electrocution
 n - the +11 war axe of Exquisite Death (weapon) {flame, +Blink rC++ Int+5}
   (You found it on level 3 of the Dungeon)

   Int:       It affects your intelligence (+5).
   rC:        It greatly protects you from cold.
   +Blink:    It lets you blink.
 D - the +3 hammer "Amymitwy" {holy, rCorr Int-2 Dex-2 SInv}
   (You found it on level 7 of the Dungeon)

   Int:       It affects your intelligence (-2).
   Dex:       It affects your dexterity (-2).
   SInv:      It lets you see invisible.
   rCorr:     It protects you from acid and corrosion.
Missiles
 F - a throwing net
 J - a curare-tipped dart
Armour
 c - a +0 hat (worn)
 x - the +6 ring mail "Kaepet" {rF- Str+3 Int+3}
   (You found it on level 5 of the Dungeon)

   Str:       It affects your strength (+3).
   Int:       It affects your intelligence (+3).
   rF:        It makes you vulnerable to fire.
 y - a +0 pair of gloves (worn)
 A - +0 steam dragon scales (worn)
 C - a +3 ring mail of poison resistance
Jewellery
 b - a +5 ring of evasion (right hand)
 i - a ring of poison resistance (left hand)
 E - a ring of flight
 M - an amulet of faith
 Q - an amulet of magic regeneration
Wands
 g - a wand of polymorph (5)
 q - a wand of light (14)
 G - a wand of roots (7)
 I - a wand of flame (20)
 K - a wand of paralysis (4)
 P - a wand of mindburst (8)
Scrolls
 a - a scroll of vulnerability {unknown}
 e - 12 scrolls of identify {unknown}
 f - 3 scrolls of enchant weapon {unknown}
 h - a scroll of butterflies {unknown}
 r - a scroll of immolation {unknown}
 s - 4 scrolls of poison {unknown}
 w - a scroll of magic mapping {unknown}
 z - a scroll of fog {unknown}
 B - a scroll of noise {unknown}
 H - a scroll of blinking {unknown}
 N - a scroll of enchant armour {unknown}
 O - 2 scrolls of teleportation {unknown}
Potions
 d - 2 potions of magic
 j - a potion of might {unknown}
 l - 9 potions of curing
 m - 3 potions of enlightenment {unknown}
 o - a potion of resistance {unknown}
 p - 2 potions of lignification {unknown}
 t - 3 potions of heal wounds
 u - a potion of cancellation {unknown}
 v - a potion of haste {unknown}
Miscellaneous
 L - a lightning rod (4/4)


   Skills:
 - Level 5.0 Fighting
 + Level 5.0 Armour
 - Level 3.0 Dodging
 - Level 3.0 Stealth
 * Level 16.5 Spellcasting
 + Level 9.8 Conjurations
 - Level 4.1 Summonings
 - Level 1.1 Translocations
 + Level 8.3 Fire Magic
 - Level 1.0 Air Magic
 - Level 1.0 Earth Magic
 - Level 1.0 Poison Magic
 - Level 1.0 Evocations


You had 18 spell levels left.
You knew the following spells:

 Your Spells              Type           Power      Damage    Failure   Level
a - Magic Dart            Conj           100%       1d8       1%          1
b - Mephitic Cloud        Conj/Pois/Air  32%        N/A       1%          3
c - Call Imp              Summ           98%        N/A       1%          2
d - Blink                 Tloc           62%        N/A       1%          2
e - Iskenderun's Mystic   Conj/Tloc      45%        2d10      1%          4
f - Iron Shot             Conj/Erth      22%        9d5       17%         6
g - Ignition              Fire           33%        3d10      65%         8

Your spell library contained the following spells:

 Spells                   Type           Power      Damage    Failure   Level
 Flame Wave               Conj/Fire      61%        2d14      1%          4
 Slow                     Hex            96%        N/A       1%          1
 Hailstorm                Conj/Ice       42%        3d10      1%          3
 Volatile Blastmotes      Fire/Tloc      80%        2d16      1%          3
 Fulminant Prism          Conj/Hex       21%        3d12      1%          4
 Sublimation of Blood     Necr           24%        N/A       2%          2
 Olgreb's Toxic Radiance  Pois           30%        N/A       3%          4
 Irradiate                Conj/Tmut      21%        3d18      4%          5
 Tukima's Dance           Hex            24%        N/A       5%          3
 Cigotuvi's Dreadful Rot  Necr/Pois/Air  24%        N/A       6%          2
 Lee's Rapid Deconstruct  Erth           15%        3d10*     9%          5
 Passage of Golubria      Tloc           31%        N/A       12%         4
 Animate Armour           Summ/Erth      54%        N/A       14%         4
 Yara's Violent Unravell  Hex/Tmut       6%         3d5       28%         5
 Petrify                  Tmut/Erth      15%        N/A       32%         4
 Blade Hands              Tmut           12%        N/A       45%         5
 Metabolic Englaciation   Hex/Ice        6%         N/A       75%         5
 Summon Hydra             Summ           24%        N/A       96%         7
 Statue Form              Tmut/Erth      10%        N/A       99%         6
 Discord                  Hex            12%        N/A       100%        8


Dungeon Overview and Level Annotations

Branches:
Dungeon (12/15)            Temple (0/1) D:7            Lair (0/5) D:10
    Orc: D:9-12

Altars:
Ashenzari
Dithmenos
Fedhas
Hepliaklqana
Makhleb
Okawaru
Qazlal
Ru
Sif Muna
Trog
Vehumet
Xom
The Shining One

Shops:
D:1 (!!   D:2 ==:   D:4 :   D:5 =   D:6 [   D:7 :


Message History

Vehumet accepts your kill.
Unknown command.
There is a stone staircase leading down here.
You start resting.
You feel yourself speed up.
You start resting.
Magic restored.
You start resting.
HP restored.
You climb downwards.
There is a stone staircase leading up here.
Unknown command.
Unknown command.
Unknown command.
The centaur warrior shoots an arrow.
The arrow hits you!!
The centaur warrior shoots an arrow.
The arrow hits you!!
You hear a howl!
Casting: Iskenderun's Mystic Blast (dangerous; 1% risk of failure)
Confirm with . or Enter, or press ? or * to list all spells.
Aiming: Mephitic Cloud (safe; 1% risk of failure)
Press: ? - help, Shift-Dir - straight line The ball explodes into a vile cloud!
The stinking cloud engulfs the centaur warrior but does no damage.
You hear a howl!
You hear two shouts!
The centaur warrior shoots an arrow.
The arrow closely misses you.
The centaur shouts!
Unknown command.
Casting: Mephitic Cloud (safe; 1% risk of failure)
Confirm with . or Enter, or press ? or * to list all spells.
Aiming: Mephitic Cloud (safe; 1% risk of failure)
Press: ? - help, Shift-Dir - straight line The ball explodes into a vile cloud!
The stinking cloud engulfs the centaur warrior but does no damage.
You hear a howl!
The centaur warrior shoots an arrow.
The arrow hits you!!
* * * LOW HITPOINT WARNING * * *
The centaur wields a +0 shortbow.
The centaur shoots an arrow.
The arrow barely misses you.
The centaur warrior shoots an arrow.
The arrow hits you!
You die...

#... #....
#.....
#......
##.☼§§cc.
##..☼☼○)..
##..)☼§c)..
##....☼☼....
##.@........#
#<.........##
#<........##
#<.........#
##..........#
##..........
##........
#...... #....


You could see a centaur warrior and a centaur.

Vanquished Creatures
  Josephine (D:11)
  A centaur warrior (D:11)
  Amaemon (D:8)
  Pikel (D:8)
  2 ugly things (D:11)
  A manticore (D:11)
  Joseph (D:7)
  Maggie (D:7)
  An orange demon (D:8)
  2 gargoyles
  3 unseen horrors (D:11)
  A hornet (D:9)
  Prince Ribbit (D:9)
  A troll (D:11)
  2 shadows (D:11)
  11 yaks (D:10)
  2 wyverns
  5 wraiths (D:11)
  Grum (D:8)
  3 basilisks
  4 vampire mosquitoes (D:10)
  7 water moccasins
  4 black bears
  An ice beast (D:5)
  9 orc warriors
  4 wolves
  An ogre (D:11)
  12 centaurs
  A lemure (D:8)
  2 phantoms (D:5)
  A kobold brigand (D:8)
  4 bullfrogs
  4 scorpions
  A gnoll sergeant (D:6)
  6 wights
  Dowan (D:7)
  2 killer bees (D:9)
  A jelly (D:7)
  3 electric eels (D:9)
  6 howler monkeys
  A sleepcap (D:6)
  5 orc priests
  Crazy Yiuf (D:7)
  2 hounds (D:5)
  2 gnoll boudas (D:8)
  Jessica (D:2)
  8 iguanas
  11 orc wizards
  10 adders
  9 gnolls
  A shadow imp (D:6)
  2 white imps
  An ufetubus (D:4)
  A worm (D:7)
  A dart slug (D:5)
  37 orcs
  11 ball pythons
  2 bats
  7 endoplasms
  A giant cockroach (D:4)
  4 goblins
  3 hobgoblins
  10 jackals
  A quokka (D:1)
  2 frilled lizards (D:1)
  11 kobolds
  4 rats
265 creatures vanquished.

Vanquished Creatures (others)
  An electric eel (D:9)
  An orc wizard (D:9)
2 creatures vanquished.

Grand Total: 267 creatures vanquished

Notes
Turn   | Place    | Note
-------+----------+-------------------------------------------
     0 | D:1      | pokeman the Deep Elf Hedge Wizard began the quest for the
                  | Orb.
     0 | D:1      | Reached XP level 1. HP: 10/10 MP: 7/7
   319 | D:1      | Reached XP level 2. HP: 15/15 MP: 6/9
   512 | D:1      | Found Hahewneb's Distillery.
   526 | D:1      | Bought a potion of degeneration for 13 gold pieces
   761 | D:1      | Found Xuvveid's Distillery.
   762 | D:1      | Found Dahap's Weapon Shop.
   866 | D:1      | Reached skill level 5 in Spellcasting
  1058 | D:2      | Reached XP level 3. HP: 20/20 MP: 1/11
  1062 | D:2      | Learned a level 3 spell: Mephitic Cloud
  1077 | D:2      | Learned a level 2 spell: Call Imp
  1080 | D:2      | Learned a level 2 spell: Blink
  1232 | D:2      | Found a faded altar of an unknown god.
  1374 | D:2      | Found Fexkae's Jewellery Emporium.
  1381 | D:2      | Reached skill level 1 in Fighting
  1381 | D:2      | Reached skill level 1 in Armour
  1461 | D:2      | Found Moegoz's Jewellery Shop.
  1561 | D:2      | Found Ufroag's Book Shop.
  1614 | D:2      | Noticed Jessica
  1631 | D:2      | Found an iron altar of Okawaru.
  1659 | D:2      | Killed Jessica
  1660 | D:2      | Reached XP level 4. HP: 16/25 MP: 9/13
  2274 | D:3      | Reached XP level 5. HP: 29/29 MP: 13/15
  2310 | D:3      | Reached skill level 6 in Spellcasting
  2504 | D:3      | Found a stormy altar of Qazlal.
  2515 | D:3      | Identified the +11 war axe of Exquisite Death {flame,
                  | +Blink rC++ Int+5}
  3071 | D:4      | Found a bloodstained altar of Trog.
  3123 | D:4      | Reached skill level 1 in Evocations
  3125 | D:4      | Reached skill level 1 in Air Magic
  3128 | D:4      | Reached skill level 1 in Poison Magic
  3464 | D:4      | Found Nical's Book Boutique.
  3481 | D:4      | Learned a level 4 spell: Iskenderun's Mystic Blast
  3608 | D:5      | Entered Level 5 of the Dungeon
  3644 | D:5      | Reached XP level 6. HP: 34/34 MP: 11/17
  3766 | D:5      | Reached skill level 7 in Spellcasting
  3782 | D:5      | Reached XP level 7. HP: 12/39 MP: 7/20
  4060 | D:5      | Identified the +6 ring mail "Kaepet" {rF- Str+3 Int+3}
  4161 | D:5      | Reached skill level 8 in Spellcasting
  4202 | D:5      | Found Onnopry's Jewellery Boutique.
  4447 | D:6      | Found a shimmering blue altar of Sif Muna.
  4457 | D:6      | Reached XP level 8. HP: 31/44 MP: 7/22
  4601 | D:6      | Reached skill level 9 in Spellcasting
  4829 | D:6      | Reached skill level 5 in Conjurations
  4838 | D:6      | Learned a level 8 spell: Ignition
  4873 | D:6      | Found Keil's Armour Emporium.
  4946 | D:6      | Learned a level 6 spell: Iron Shot
  5173 | D:6      | Found a glowing golden altar of the Shining One.
  5322 | D:7      | Noticed Maggie
  5466 | D:7      | Reached skill level 1 in Earth Magic
  5484 | D:7      | Found a radiant altar of Vehumet.
  5505 | D:7      | Became a worshipper of Vehumet
  5559 | D:7      | Noticed Joseph
  5580 | D:6      | Reached skill level 1 in Fire Magic
  5766 | D:7      | Killed Maggie
  5767 | D:7      | Reached skill level 10 in Spellcasting
  5830 | D:7      | Reached XP level 9. HP: 48/48 MP: 21/25
  6112 | D:7      | Killed Joseph
  6113 | D:7      | Reached skill level 11 in Spellcasting
  6594 | D:7      | Found a staircase to the Ecumenical Temple.
  6708 | D:7      | Found Hutufeg's Tremendous Tomes.
  6723 | D:7      | Noticed Duvessa
  6723 | D:7      | Noticed Dowan
  6728 | D:7      | Killed Dowan
  6735 | D:7      | Duvessa changed into Duvessa the worm
  6735 | D:7      | Noticed Duvessa
  6739 | D:7      | Killed Duvessa the worm
  6920 | D:7      | Found a runed translucent door.
  6921 | D:7      | Noticed Crazy Yiuf
  6931 | D:7      | Killed Crazy Yiuf
  6933 | D:7      | Identified the +3 hammer "Amymitwy" {holy, rCorr Int-2
                  | Dex-2 SInv}
  7207 | D:8      | Noticed Grum
  7217 | D:8      | Killed Grum
  7221 | D:8      | Reached * piety under Vehumet
  7221 | D:8      | Offered knowledge of Kiss of Death by Vehumet.
  7222 | D:8      | Reached skill level 12 in Spellcasting
  7780 | D:8      | Noticed Pikel
  7789 | D:8      | Killed Pikel
  7790 | D:8      | Reached XP level 10. HP: 52/55 MP: 26/28
  7935 | D:8      | Noticed an orange demon
  7958 | D:8      | Killed an orange demon
  7959 | D:8      | Reached skill level 5 in Fire Magic
  8006 | D:8      | Noticed Amaemon
  8024 | D:8      | Killed Amaemon
  8025 | D:8      | Reached skill level 13 in Spellcasting
  8448 | D:9      | Noticed Prince Ribbit
  8455 | D:9      | Killed Prince Ribbit
  8791 | D:9      | Found a broken altar of Ashenzari.
  8862 | D:9      | Reached ** piety under Vehumet
  8941 | D:9      | Offered knowledge of Sandblast by Vehumet.
  9493 | D:1      | Bought a potion of heal wounds for 55 gold pieces
  9493 | D:1      | Bought a potion of magic for 88 gold pieces
  9493 | D:1      | Bought a potion of curing for 33 gold pieces
  9578 | D:1      | Bought a potion of curing for 39 gold pieces
  9578 | D:1      | Bought a potion of heal wounds for 65 gold pieces
  9578 | D:1      | Bought a potion of curing for 39 gold pieces
  9787 | D:10     | Entered Level 10 of the Dungeon
  9787 | D:10     | Found a staircase to the Lair.
  9851 | D:10     | Reached skill level 14 in Spellcasting
 10216 | D:10     | Found a sacrificial altar of Ru.
 10294 | D:10     | Reached XP level 11. HP: 54/62 MP: 22/31
 10775 | D:10     | Reached skill level 15 in Spellcasting
 10781 | D:10     | Offered knowledge of Momentum Strike by Vehumet.
 10854 | D:10     | Got Sif Muna's Almanac of Numb Apparitions
 10901 | D:10     | Found a hazy altar of Hepliaklqana.
 10901 | D:10     | Found a blossoming altar of Fedhas.
 10909 | D:10     | Found a burning altar of Makhleb.
 10911 | D:10     | Found a shimmering altar of Xom.
 10913 | D:10     | Found a shadowy altar of Dithmenos.
 11321 | D:11     | Noticed a cyan ugly thing
 11352 | D:11     | Killed a cyan ugly thing
 11353 | D:11     | Reached skill level 5 in Fighting
 11578 | D:11     | Reached *** piety under Vehumet
 11691 | D:11     | Offered knowledge of Ignite Poison by Vehumet.
 11804 | D:11     | Noticed Josephine
 11811 | D:11     | Killed Josephine
 11812 | D:11     | Noticed a cyan ugly thing
 12450 | D:11     | Killed a cyan ugly thing
 12451 | D:11     | Reached skill level 16 in Spellcasting
 12664 | D:11     | Noticed a centaur warrior
 12681 | D:11     | Killed a centaur warrior
 12689 | D:11     | Reached **** piety under Vehumet
 12970 | D:11     | Offered knowledge of Flame Wave by Vehumet.
 12971 | D:11     | Reached XP level 12. HP: 58/68 MP: 13/34
 13287 | D:12     | Noticed a centaur warrior
 13293 | D:12     | Reached skill level 5 in Armour
 13296 | D:12     | HP: 2/68 [centaur warrior/arrow (11)]
 13645 | D:12     | Shot with an arrow by a centaur warrior

Illustrated notes

Levels and vault maps discovered:
D:1:      lemuel_arrival_rhombus, layout_basic, serial_shops, shop, shop,
          nicolae_shop_tiny_waterfront
D:2:      layout_basic, ebering_ecumenical_altar_rust, basic_altar,
          serial_shops, shop, shop, shop, uniq_jessica
D:3:      layout_basic, mainiacjoe_overflow_small_starburst
D:4:      layout_rooms, mainiacjoe_overflow_six_doors_small, serial_shops,
          shop_fountains, serial_bayou_lagoon_a
D:5:      layout_rooms, serial_shops, shop
D:6:      layout_loops_ring, mainiacjoe_overflow_paths,
          mainiacjoe_overflow_alcove_2, serial_shops, kennysheep_mini
D:7:      layout_rooms, mainiacjoe_overflow_concentric_impassable,
          temple_doors_e, minmay_misc_feat_rugged,
          nicolae_shop_i_like_big_books, chequers_serial_rivers_micro_c,
          minivault_11, uniq_maggie, uniq_duvessa, uniq_joseph,
          uniq_crazy_yiuf_cottage
D:8:      layout_gridville, uniq_amaemon, uniq_grum, uniq_pikel
D:9:      layout_rooms, cheibrodos_ashenzari_chains, serial_bayou,
          serial_bayou_pond_a, serial_bayou_shore_a, serial_bayou_shore_b,
          serial_bayou_ford_a, serial_bayou_pond_e, st_stairs_2, billiards_dpeg,
          uniq_prince_ribbit1
D:10:     layout_loops_ring, nicolae_ru_great_annihilating_truth,
          chequers_temple_overflow_minitemple, minmay_lair_entry_grove
D:11:     layout_long_grid, special_room [special_room_orc], minivault_20,
          uniq_josephine
D:12:     layout_big_octagon, minmay_orc_entry_guard_dogs,
          nicolae_trove_entry_free_sample, uniq_psyche

Skill      XL: |  1  2  3  4  5  6  7  8  9 10 11 12 |
---------------+-------------------------------------+-----
Spellcasting   | 5 6 7 8 10 12 14 16 | 16.5
Fighting       | 1 2 4 5 |  5.0
Armour         | 1 2 3 4 5 |  5.0
Conjurations   | 2 3 4 5 7 8 9 |  9.8
Stealth        | 3 |  3.0
Dodging        | 3 |  3.0
Evocations     | 1 |  1.0
Air Magic      | 1 |  1.0
Poison Magic   | 1 |  1.0
Summonings     | 2 3 4 |  4.1
Earth Magic    | 1 |  1.0
Fire Magic     | 2 4 6 8 |  8.3
Translocations | |  1.1

Action                     |  1- 3 |  4- 6 |  7- 9 | 10-12 || total
---------------------------+-------+-------+-------+-------++-------
  Melee: Dagger            |    13 |     8 |       |       ||    21
         War axe           |       |    31 |   121 |   145 ||   297
         Punch             |       |       |     1 |     1 ||     2
         Mace              |       |       |       |    12 ||    12
   Cast: Magic Dart        |    77 |    70 |    94 |    31 ||   272
         Mephitic Cloud    |     1 |     8 |    37 |    72 ||   118
         Call Imp          |       |     1 |     5 |       ||     6
         Blink             |       |     1 |     2 |     3 ||     6
         Iskenderun's Myst |       |       |    20 |    83 ||   103
  Evoke: Wand              |       |       |     1 |     7 ||     8
   Stab: Confused          |       |     4 |    14 |    23 ||    41
 Armour: Robe              |     4 |     9 |    12 |       ||    25
         Steam dragon scal |       |       |     8 |    44 ||    52
  Dodge: Dodged            |    14 |    31 |   110 |   240 ||   395

Table legend: (Time is in decaauts)
 A = Elapsed time spent in this place.
 B = Non-inter-level travel time spent in this place.
 C = Inter-level travel time spent in this place.
 D = Time resting spent in this place.
 E = Time spent auto-exploring this place.
 F = Levels seen in this place.
 G = Mean time per level.
                   A        B        C        D        E       F      G
               +--------+--------+--------+--------+--------+-----+--------+
         Total |  13856 |  12975 |    881 |   1559 |   9314 |  12 | 1154.7 |
       Dungeon |  13856 |  12975 |    881 |   1559 |   9314 |  12 | 1154.7 |
               +--------+--------+--------+--------+--------+-----+--------+

Top non-repeatable levels by time:
    D:11: 2181 daAuts
     D:9: 1470 daAuts
     D:6: 1445 daAuts
    D:10: 1365 daAuts
     D:8: 1319 daAuts
     D:7: 1319 daAuts
     D:1: 1144 daAuts
     D:3: 1060 daAuts
     D:2: 940 daAuts
     D:5: 835 daAuts
     D:4: 751 daAuts
    D:12: 22 daAuts
